Map: Orbital Shipyard

Players

MajeStic

  • Race: Protoss Protoss

Petraeus - Winner!

  • Race: Zerg Zerg
  • League: Master

Event: NationWars III

VOD

Have the link to the VOD?

Description

Time

  • Played on: Nov. 22, 2015, 2:53 p.m.
  • Length: 19:25
Show
View Real Time Build Order
Export as new Build Order

MajeStic Protoss 

Build Orders: Nexus First 

Get SALT Encoding   

  12  0:00  Probe (Chrono Boost)  
  13  0:11  Probe (Chrono Boost)  
  14  0:19  Pylon  
  14  0:22  Probe (Chrono Boost)  
  15  0:37  Probe (Chrono Boost)  
  16  0:48  Probe (Chrono Boost)  
  17  0:57  Nexus  
  17  1:01  Probe (Chrono Boost)  
  18  1:10  Gateway  
  18  1:13  Probe (Chrono Boost)  
  18  1:17  Assimilator  
  19  1:24  Probe (Chrono Boost)  
  20  1:27  Assimilator  
  20  1:34  Probe (Chrono Boost)  
  20  1:39  Pylon  
  21  1:45  Probe (Chrono Boost)  
  22  1:50  Gateway  
  22  1:55  Probe (Chrono Boost)  
  23  2:02  Cybernetics Core  
  23  2:06  Probe (Chrono Boost)  
  24  2:09  Probe (Chrono Boost)  
  25  2:17  Probe (Chrono Boost)  
  25  2:19  Probe (Chrono Boost)  
  27  2:27  Probe (Chrono Boost)  
  28  2:30  Probe (Chrono Boost)  
  29  2:39  Stalker x2 (Chrono Boost)  
  29  2:41  Probe x2  
  35  2:45  Warp Gate  
  35  2:53  Probe  
  35  2:54  Mothership Core  
  38  3:05  Probe (Chrono Boost)  
  39  3:13  Stargate  
  39  3:15  Probe (Chrono Boost)  
  39  3:17  Probe (Chrono Boost)  
  41  3:20  Adept  
  41  3:24  Pylon  
  41  3:26  Probe (Chrono Boost)  
  44  3:28  Probe (Chrono Boost)  
  44  3:30  Assimilator  
  44  3:31  Assimilator  
  44  3:32  Pylon  
  45  3:36  Probe (Chrono Boost)  
  46  3:41  Robotics Facility  
  46  3:42  Probe (Chrono Boost)  
  46  3:47  Probe (Chrono Boost)  
  48  3:52  Probe (Chrono Boost)  
  49  3:57  Probe (Chrono Boost)  
  49  4:00  Oracle (Chrono Boost)  
  49  4:01  Probe (Chrono Boost)  
  51  4:08  Probe  
  51  4:09  Gateway, Forge  
  53  4:12  Probe  
  53  4:16  Pylon  
  54  4:18  Gateway  
  54  4:20  Probe  
  55  4:28  Warp Prism  
  55  4:30  Pylon  
  57  4:37  Probe, Void Ray (Chrono Boost)  
  61  4:38  Probe  
  61  4:42  Protoss Ground Weapons Level 1  
  63  4:48  Probe  
  63  4:49  Sentry  
  63  4:50  Probe, Adept  
  69  4:58  Probe  
  69  5:03  Probe  
  71  5:14  Adept x2  
  71  5:15  Probe  
  71  5:16  Probe  
  71  5:20  Robotics Bay  
  77  5:29  Nexus  
  77  5:31  Pylon  
  77  5:33  Pylon  
  77  5:35  Pylon  
  77  5:48  Probe  
  77  5:49  Probe  
  79  5:51  Adept x2  
  79  5:52  Adept x2  
  87  5:57  Twilight Council, Photon Cannon  
  87  5:58  Probe  
  87  6:01  Probe  
  87  6:02  Pylon  
  89  6:23  Disruptor  
  89  6:25  Probe  
  92  6:26  Probe  
  92  6:27  Blink  
  92  6:28  Gravitic Drive  
  92  6:29  Assimilator  
  94  6:34  Assimilator  
  94  6:35  Probe  
  94  6:36  Pylon  
  94  6:38  Probe, Dark Shrine, Protoss Ground Weapons Level 2 (Chrono Boost)  
  96  6:42  Stalker  
  96  6:43  Sentry, Stalker  
  96  6:44  Probe  
  96  6:46  Probe  
  104  6:57  Probe  
  104  6:58  Probe  
  104  6:59  Probe  
  104  7:00  Disruptor  
  107  7:07  Stalker x2  
  114  7:11  Probe, Gateway  
  114  7:15  Gateway  
  115  7:16  Gateway  
  115  7:28  Stalker x2  
  119  7:31  Disruptor  
  119  7:32  Pylon  
  122  7:40  Nexus  
  122  7:57  Pylon  
  122  7:58  Dark Templar x3, Pylon  
  122  7:59  Dark Templar  
  130  8:18  Gateway  
  130  8:19  Pylon  
  127  8:22  Stalker  
  127  8:23  Phoenix  
  129  8:28  Stargate  
  129  8:32  Photon Cannon  
  129  8:33  Photon Cannon  
  129  8:35  Photon Cannon  
  129  8:36  Zealot  
  129  8:38  Assimilator  
  129  8:40  Stalker x3  
  129  8:43  Assimilator  
  129  8:46  Stalker x2  
  128  8:48  Phoenix, Photon Cannon  
  128  8:50  Photon Cannon  
  128  8:53  Stalker, Pylon  
  126  9:06  Stalker x2  
  126  9:08  Stalker x2  
  130  9:13  Phoenix x2  
  131  9:19  Stalker x2  
  127  9:28  Stalker  
  127  9:29  Probe x3  
  106  9:39  Stalker x3  
  106  9:40  Stalker  
  104  9:46  Probe  
  104  9:47  Probe x2  
  107  9:58  Probe  
  89  10:25  Stalker  
  89  10:26  Stalker x5  
  89  10:33  Probe x3  
  92  10:38  Disruptor  
  92  10:45  Probe  
  92  10:48  Probe x2  
  98  10:59  Probe  
  98  11:00  Probe  
  100  11:05  Probe  
  100  11:09  Disruptor  
  101  11:11  Probe  
  101  11:13  Probe  
  106  11:18  Protoss Ground Weapons Level 3 (Chrono Boost)  
  106  11:35  Stalker x2  
  106  11:36  Stalker  
  112  11:40  Sentry x2  
  112  11:43  Observer  
  117  11:52  Probe x2  
  119  11:55  Adept  
  119  11:59  Disruptor  
  124  12:09  Nexus  
  124  12:10  Pylon  
  124  12:14  Sentry  
  124  12:15  Sentry x2  
  130  12:31  Resonating Glaives, Robotics Facility  
  130  12:33  Disruptor  
  130  12:42  Adept x6  
  142  13:08  Zealot x2  
  142  13:10  Sentry  
  147  13:27  Disruptor x2 (Chrono Boost)  
  153  13:35  Nexus  
  153  13:37  Pylon  
  153  13:46  Stalker x2  
  157  13:50  Pylon  
  157  13:59  Disruptor x2 (Chrono Boost)  
  163  14:04  Adept  
  153  14:16  Stalker x3  
  153  14:17  Stalker x2  
  121  14:32  Stalker x3  
  121  14:34  Disruptor x2 (Chrono Boost)  
  127  14:49  Stalker x3  
  117  14:59  Sentry x2  
  111  15:05  Observer (Chrono Boost), Disruptor (Chrono Boost)  
  115  15:14  Mothership Core  
  117  15:24  Nexus  
  117  15:28  Pylon  
  117  15:29  Observer (Chrono Boost)  
  118  15:40  Adept x3  
  127  15:45  Dark Templar  
  129  15:55  Pylon  
  132  16:13  Immortal (Chrono Boost)  
  132  16:16  Immortal (Chrono Boost)  
  134  16:18  Templar Archives  
  134  16:21  Immortal x2 (Chrono Boost)  
  138  16:47  Immortal (Chrono Boost), Assimilator  
  138  16:50  Immortal (Chrono Boost), Assimilator  
  137  17:16  High Templar  
  137  17:17  High Templar x3  
  144  17:23  Nexus  
  144  17:27  Observer (Chrono Boost)  
  140  17:38  Archon x2  
  140  17:40  Immortal (Chrono Boost)  
  136  18:01  High Templar x2  
  140  18:07  Immortal (Chrono Boost)  
  140  18:10  Archon  
  128  18:31  Stalker x2  
  128  18:32  Adept  
  93  18:42  Dark Templar  
  95  19:03  High Templar x2  
  95  19:08  Archon  
Show
View Real Time Build Order
Export as new Build Order

Petraeus Zerg - Winner!

Build Orders: Hatch First, Lurkers 

Get SALT Encoding   

  12  0:01  Drone  
  13  0:13  Overlord  
  13  0:17  Drone  
  14  0:31  Drone x2  
  14  0:35  Drone  
  17  0:51  Hatchery  
  17  0:54  Drone  
  17  0:57  Drone  
  18  1:11  Spawning Pool  
  17  1:12  Extractor  
  17  1:15  Drone  
  17  1:18  Drone  
  18  1:28  Drone  
  19  1:39  Overlord  
  19  1:50  Drone  
  20  1:58  Queen  
  20  2:01  Zergling x2  
  23  2:03  Queen  
  23  2:04  Drone  
  26  2:11  Drone  
  28  2:15  Drone  
  28  2:18  Metabolic Boost  
  28  2:22  Drone  
  29  2:25  Drone  
  30  2:35  Hatchery  
  30  2:36  Drone  
  30  2:39  Drone  
  30  2:43  Queen  
  33  2:50  Overlord  
  33  2:52  Drone  
  33  2:57  Drone  
  35  3:01  Drone  
  36  3:10  Drone x2  
  36  3:11  Drone x2  
  39  3:17  Overlord  
  39  3:19  Zergling x6  
  42  3:22  Zergling x2  
  43  3:30  Zergling x2  
  44  3:37  Roach Warren, Drone  
  44  3:40  Zergling x2  
  45  3:47  Drone  
  45  3:48  Drone x3  
  49  3:49  Drone  
  49  3:53  Drone  
  50  3:57  Drone x3  
  50  4:00  Drone  
  54  4:03  Extractor  
  54  4:04  Evolution Chamber, Extractor  
  54  4:05  Drone  
  54  4:07  Evolution Chamber  
  54  4:09  Drone  
  52  4:15  Drone  
  52  4:16  Overlord  
  53  4:19  Drone  
  53  4:20  Drone  
  55  4:26  Drone x3  
  58  4:32  Overlord x2  
  58  4:33  Zerg Melee Weapons Level 1  
  58  4:34  Drone, Zerg Ground Armor Level 1, Queen  
  58  4:35  Drone x2  
  58  4:36  Drone  
  64  4:39  Roach  
  66  4:50  Roach x2  
  70  4:58  Spore Crawler  
  67  5:03  Drone x6  
  67  5:06  Spore Crawler, Drone x5  
  73  5:12  Drone  
  73  5:13  Drone x3  
  76  5:19  Ravager x3  
  79  5:21  Overlord  
  79  5:23  Drone  
  79  5:25  Extractor  
  79  5:26  Extractor  
  79  5:28  Spore Crawler  
  77  5:30  Overlord x2  
  77  5:36  Lair  
  77  5:41  Drone x2  
  77  5:42  Drone  
  80  5:43  Drone x2  
  82  5:51  Hatchery  
  81  5:58  Roach x2  
  81  5:59  Drone x2  
  81  6:00  Drone x2  
  81  6:03  Extractor  
  88  6:04  Drone  
  88  6:05  Zergling x2  
  88  6:06  Zergling x10  
  88  6:11  Queen  
  94  6:31  Drone x3  
  97  6:35  Spire, Glial Reconstitution  
  97  6:37  Ravager  
  97  6:39  Overlord x2  
  97  6:40  Overlord  
  97  6:47  Extractor  
  97  6:50  Drone x3  
  98  6:57  Overlord x2  
  98  6:59  Drone x3  
  98  7:00  Zergling x6  
  104  7:05  Drone x4  
  104  7:06  Drone  
  104  7:07  Drone  
  104  7:08  Extractor  
  109  7:12  Drone x2  
  111  7:24  Overlord x2  
  111  7:26  Zergling x2  
  111  7:27  Zergling x10  
  117  7:31  Drone  
  117  7:33  Overseer  
  115  7:45  Drone x3  
  115  7:47  Hatchery  
  115  7:52  Mutalisk  
  115  7:53  Mutalisk x6  
  115  7:54  Mutalisk x4  
  115  7:56  Mutalisk  
  139  7:59  Zerg Missile Weapons Level 1  
  139  8:01  Hydralisk Den  
  139  8:03  Zerg Melee Weapons Level 2  
  138  8:07  Drone x4  
  138  8:09  Spore Crawler  
  138  8:10  Spine Crawler  
  138  8:11  Spine Crawler  
  136  8:21  Overseer  
  128  8:32  Zergling x18  
  131  8:39  Hydralisk x4  
  134  8:42  Lurker Den  
  134  8:53  Drone  
  134  8:54  Drone x4, Hydralisk  
  141  8:58  Hydralisk x3  
  147  9:09  Hydralisk x2  
  146  9:10  Hydralisk x3  
  141  9:26  Drone x2  
  141  9:27  Drone  
  141  9:37  Roach x8  
  134  9:39  Roach x3  
  134  9:40  Roach x2  
  134  9:43  Roach x3  
  134  9:45  Roach x3  
  152  9:50  Roach x2  
  152  9:51  Roach  
  152  9:54  Roach  
  152  9:55  Roach  
  152  9:58  Zergling x2  
  157  10:04  Hydralisk x3  
  150  10:16  Roach  
  150  10:17  Roach x3  
  152  10:25  Overlord x2  
  152  10:26  Hydralisk x3  
  140  10:35  Lurker x2  
  137  10:41  Hatchery  
  136  10:45  Ravager  
  136  10:46  Ravager x3  
  136  10:48  Ravager x3  
  136  10:49  Ravager  
  144  10:50  Lurker x3  
  144  10:51  Ravager  
  144  10:52  Zergling x4  
  144  10:53  Zergling x8  
  144  10:54  Zergling x6  
  157  11:01  Queen  
  157  11:06  Infestation Pit  
  157  11:09  Drone x2  
  157  11:10  Drone x3  
  161  11:17  Zergling x2  
  161  11:18  Zergling x10  
  166  11:27  Overlord  
  166  11:28  Overlord x4  
  166  11:30  Overseer x2  
  166  11:31  Zerg Missile Weapons Level 2, Extractor  
  162  11:47  Drone  
  162  11:48  Drone x5  
  162  11:54  Hive  
  168  12:00  Hydralisk x2  
  168  12:01  Hydralisk x2  
  172  12:06  Lurker x3  
  178  12:10  Ravager  
  178  12:11  Ravager x3  
  182  12:16  Hatchery  
  182  12:17  Pneumatized Carapace  
  182  12:20  Spore Crawler, Spine Crawler x2  
  177  12:34  Roach x6  
  177  12:36  Zerg Ground Armor Level 2  
  189  12:42  Hydralisk x2  
  192  12:58  Zergling x24  
  175  13:02  Lurker  
  175  13:03  Lurker x2  
  175  13:05  Ravager x2  
  187  13:16  Hydralisk  
  187  13:17  Hydralisk x4  
  187  13:19  Overseer  
  187  13:26  Hydralisk  
  187  13:27  Hydralisk x2  
  187  13:28  Hydralisk  
  195  13:40  Drone x8  
  196  13:46  Viper  
  196  13:48  Spore Crawler, Viper  
  148  14:18  Roach  
  148  14:19  Roach x11  
  160  14:41  Ultralisk Cavern  
  123  15:13  Overlord  
  123  15:15  Zerg Melee Weapons Level 3  
  123  15:30  Ultralisk x8  
  123  15:32  Zergling x4  
  171  15:43  Ultralisk, Zergling x8  
  181  15:50  Overlord  
  181  15:53  Chitinous Plating  
  181  15:58  Ultralisk, Zergling x2  
  181  15:59  Zergling x2  
  189  16:11  Ultralisk  
  189  16:12  Zergling x12  
  189  16:33  Ultralisk  
  189  16:35  Overseer  
  195  16:42  Viper  
  198  16:55  Zergling x4  
  172  17:09  Hatchery  
  172  17:11  Ravager x10  
  172  17:12  Zergling x2  
  172  17:13  Zergling x16  
  189  17:34  Hatchery  
  188  17:37  Spine Crawler  
  188  17:38  Spine Crawler  
  176  17:47  Ultralisk, Zergling x2  
  176  17:48  Zergling x14  
  172  18:00  Ultralisk  
  148  18:31  Zergling x26  
  130  18:43  Hydralisk x5  
  144  19:05  Roach x7  
Tags
 
Add a new tag
Caveats
  • Supply blocks, unpowered buildings, or Contaminate may cause inaccurate times.
  • Supply counts are checked every 10 seconds.